 Dungeon Crawl Stone Soup version 0.29-a0-121-g8efb068a30 (webtiles) character file.

Game seed: 12303362268088560590

10744 Gargoyl the Basher (level 11, -1/68 HPs)
             Began as a Gargoyle Abyssal Knight on Feb 20, 2022.
             Was an Elder of Lugonu.
             Slain by a four-headed hydra (8 damage)
             ... on level 2 of the Lair of Beasts.
             The game lasted 00:16:56 (15734 turns).

Gargoyl the Basher (Gargoyle Abyssal Knight)       Turns: 15734, Time: 00:16:56

Health: -1/68      AC: 31    Str: 21    XL:     11   Next: 66%
Magic:  17/17      EV:  7    Int:  6    God:    Lugonu [****..]
Gold:   723        SH:  9    Dex: 12    Spells: 10/10 levels left

rFire   . . .      SeeInvis +   h - +4 flail (holy)
rCold   + . .      Faith    .   w - +0 kite shield
rNeg    + . .      Spirit   .   p - +3 chain mail
rPois   ∞          Reflect  .   (no helmet)
rElec   +          Harm     .   J - +0 cloak "Mishel" {rC+ Int-5 Dex+2}
rCorr   .          Rampage  .   q - +1 pair of gloves
Will    .....                   E - +0 pair of boots
Stlth   ..........              x - amulet of the acrobat
HPRegen 0.21/turn               k - ring of see invisible
MPRegen 0.15/turn               I - +4 ring of protection

@: studying Bows
A: sickness immunity, AC +8, negative energy resistance 1, electricity
resistance, torment resistance 1, petrification resistance, mutation resistance
1
a: Renounce Religion, Depart the Abyss, Bend Space, Banish, Corrupt


You were on level 2 of the Lair of Beasts.
You worshipped Lugonu.
Lugonu was greatly pleased with you.
You visited 2 branches of the dungeon, and saw 13 of its levels.
You visited the Abyss 1 time.
You also visited: Bailey.

You collected 789 gold pieces.
You spent 66 gold pieces at shops.

Inventory:

Hand Weapons
 a - a +2 spectral hand axe
 h - a +4 flail of holy wrath (weapon)
 v - a +1 broad axe
 B - a +3 hand axe of freezing
 D - a +7 falchion
 H - a +3 falchion of venom
Missiles
 n - 18 poisoned darts (quivered)
 A - 2 throwing nets
Armour
 p - a +3 chain mail (worn)
 q - a +1 pair of gloves (worn)
 w - a +0 kite shield (worn)
 E - a +0 pair of boots (worn)
 J - the +0 cloak "Mishel" (worn) {rC+ Int-5 Dex+2}
   (You found it on level 1 of the Lair of Beasts)

   Int:       It affects your intelligence (-5).
   Dex:       It affects your dexterity (+2).
   rC:        It protects you from cold.
Jewellery
 k - a ring of see invisible (left hand)
 x - an amulet of the acrobat (around neck)
 G - a ring of wizardry
 I - a +4 ring of protection (right hand)
Wands
 b - a wand of flame (38)
 g - a wand of polymorph (4)
 r - a wand of mindburst (8)
 y - a wand of iceblast (11)
 C - a wand of paralysis (6)
Scrolls
 c - 4 scrolls of fog
 e - 3 scrolls of fear
 f - 7 scrolls of identify
 j - 7 scrolls of teleportation
 L - a scroll of enchant weapon
Potions
 d - a potion of brilliance
 i - a potion of lignification
 l - 2 potions of heal wounds
 m - a potion of magic
 o - 4 potions of curing
 s - 3 potions of berserk rage
 t - a potion of flight
 u - a potion of mutation
 z - a potion of cancellation
 F - 2 potions of resistance
 K - a potion of might {unknown}


   Skills:
 + Level 7.9 Fighting
 + Level 5.4(7.8) Axes
 + Level 9.5(10.2) Maces & Flails
 + Level 0.2 Throwing
 + Level 9.4 Armour
 + Level 2.6 Dodging
 + Level 0.2 Stealth
 + Level 4.3 Shields
 * Level 9.2 Invocations
 + Level 0.4 Evocations


You had 10 spell levels left.
You didn't know any spells.
Your spell library contained the following spells:

 Spells                   Type           Power      Damage    Failure   Level
 Animate Skeleton         Necr           0%         N/A       100%        1
 Apportation              Tloc           0%         N/A       100%        1
 Summon Small Mammal      Summ           0%         N/A       100%        1
 Corpse Rot               Necr/Air       0%         N/A       100%        2
 Poisonous Vapours        Pois/Air       0%         N/A       100%        2
 Static Discharge         Conj/Air       0%         N/A       100%        2
 Gell's Gravitas          Tloc           0%         N/A       100%        3
 Lesser Beckoning         Tloc           0%         N/A       100%        3
 Spider Form              Tmut/Pois      0%         N/A       100%        3
 Teleport Other           Tloc           0%         N/A       100%        3
 Dispel Undead            Necr           0%         3d6       100%        4
 Fulminant Prism          Conj/Hex       0%         3d6       100%        4
 Sticky Flame             Conj/Fire      0%         2d3       100%        4
 Blade Hands              Tmut           0%         N/A       100%        5
 Excruciating Wounds      Necr           0%         N/A       100%        5
 Irradiate                Conj/Tmut      0%         3d13      100%        5
 Yara's Violent Unravell  Hex/Tmut       0%         3d3       100%        5
 Dragon Form              Tmut           0%         N/A       100%        7
 Discord                  Hex            0%         N/A       100%        8
 Ignition                 Fire           0%         3d3       100%        8


Dungeon Overview and Level Annotations

Branches:
Dungeon (11/15)            Temple (0/1) D:7            Lair (2/6) D:8
 Shoals (0/4) Lair:2       Bailey (visited)
  Snake: Lair:2-4    Spider: Lair:2-4       Orc: D:9-12

Altars:
Ashenzari
Dithmenos
Elyvilon
Hepliaklqana
Kikubaaqudgha
Nemelex Xobeh
Okawaru
Qazlal
Ru
Trog
Uskayaw
Xom
Yredelemnul

Shops:
D:3 ?


Innate Abilities, Weirdness & Mutations

You are immune to sickness and miasma.
Your stone body is resilient. (AC +8)
You are immune to poison.
You resist negative energy. (rN+)
You are resistant to electric shocks. (rElec)
You are resistant to unholy torment.
You are immune to petrification.
You are somewhat resistant to further mutation.


Message History

The four-headed hydra bites you but does no damage. x3
Unknown command.
You barely miss the four-headed hydra.
The four-headed hydra is moderately wounded.
The four-headed hydra closely misses you.
The four-headed hydra bites you but does no damage.
The four-headed hydra bites you!
The four-headed hydra bites you but does no damage.
Unknown command.
You sock the four-headed hydra!
The four-headed hydra is moderately wounded.
You block the four-headed hydra's attack.
The four-headed hydra bites you but does no damage.
The four-headed hydra closely misses you.
You block the four-headed hydra's attack.
You hit the four-headed hydra.
The four-headed hydra is heavily wounded.
You block the four-headed hydra's attack.
The four-headed hydra bites you but does no damage.
The four-headed hydra bites you. x2
Unknown command.
You thump the four-headed hydra!
The four-headed hydra is heavily wounded.
You block the four-headed hydra's attack.
The four-headed hydra bites you but does no damage.
The four-headed hydra bites you!
* * * LOW HITPOINT WARNING * * *
You block the four-headed hydra's attack.
You bludgeon the four-headed hydra!!
The four-headed hydra is almost dead.
The four-headed hydra barely misses you.
The four-headed hydra bites you!
* * * LOW HITPOINT WARNING * * *
The four-headed hydra bites you but does no damage. x2
You sock the four-headed hydra!
The four-headed hydra is almost dead.
The four-headed hydra barely misses you.
The four-headed hydra bites you but does no damage.
The four-headed hydra bites you!
You die...

#.............≈≈..#≈.#...≈≈.>.≈..
##........#..#≈.≈≈##≈...≈≈≈≈..≈≈.
........######.≈≈≈#≈..≈≈≈≈≈≈≈≈≈≈
......#..##..≈.≈..≈≈...≈≈≈≈≈≈≈≈≈.
...P#.#####..#........≈≈≈≈≈≈≈≈. .
#.#.#.....#...≈≈≈≈≈≈≈.
#.##.P.....#P....≈≈≈...
#.#......#####.........
##....@..P# #.......D.###
.............# ##......#...##
#P...........P ##..............
..#..#.#.........
.#...#.)......... ##.
....###.....


You could see a four-headed hydra.

Vanquished Creatures
  A hydra (Lair:1)
  A deep elf pyromancer (D:7)
  A black mamba (Lair:1)
  Joseph (D:9)
  Psyche (D:9)
  2 cane toads (Lair:1)
  A komodo dragon (Lair:1)
  A hornet (D:10)
  Grinder (D:4)
  5 blink frogs (Lair:2)
  Sigmund (D:2)
  2 wyverns
  A shadow (D:6)
  2 wraiths (D:10)
  4 yaks (D:9)
  2 basilisks
  A steam dragon (D:8)
  A water moccasin (Lair:2)
  4 orc warriors
  2 ice beasts
  3 sky beasts (D:6)
  3 black bears (D:6)
  A hornet zombie (D:7)
  2 necrophages
  2 ogres
  2 centaurs (D:10)
  2 bullfrogs
  2 scorpions
  2 gnoll sergeants
  A wyvern zombie (D:7)
  A wyvern skeleton (D:6)
  9 wights
  17 killer bees
  An electric eel (Lair:2)
  5 howler monkeys
  A bullfrog zombie (D:7)
  3 jellies
  4 hounds
  2 bullfrog skeletons
  An orc priest (D:7)
  A centaur skeleton (D:7)
  Terence (D:2)
  Jessica (D:2)
  3 iguanas
  9 orc wizards
  A howler monkey zombie (D:10)
  A howler monkey skeleton (D:5)
  9 gnolls
  10 adders
  2 shadow imps
  A white imp (D:6)
  An ufetubus (D:4)
  An adder skeleton (D:4)
  25 orcs
  4 endoplasms
  4 giant cockroaches
  5 goblins
  5 hobgoblins
  6 jackals
  6 quokkas
  5 ball pythons
  2 bats
  A frilled lizard (D:3)
  9 kobolds
  7 rats
219 creatures vanquished.

Vanquished Creatures (others)
  2 fungi (Lair:2)
  A plant (D:1)
3 creatures vanquished.

Grand Total: 222 creatures vanquished

Notes
Turn   | Place    | Note
-------+----------+-------------------------------------------
     0 | Abyss:1  | Gargoyl the Gargoyle Abyssal Knight began the quest for the
                  | Orb.
     0 | Abyss:1  | Reached XP level 1. HP: 14/14 MP: 2/2
     0 | D:1      | Escaped the Abyss
   192 | D:1      | Reached XP level 2. HP: 5/19 MP: 3/3
   768 | D:1      | Reached * piety under Lugonu
   769 | D:1      | Reached XP level 3. HP: 23/24 MP: 4/4
  1507 | D:2      | Found a faded altar of an unknown god.
  1707 | D:2      | Noticed Jessica
  1715 | D:2      | Killed Jessica
  1716 | D:2      | Reached XP level 4. HP: 21/29 MP: 5/5
  1933 | D:2      | Noticed Terence
  1960 | D:2      | Gained mutation: You are somewhat resistant to further
                  | mutation. [potion of mutation]
  1962 | D:2      | Killed Terence
  1963 | D:2      | Reached skill level 1 in Dodging
  2172 | D:2      | Noticed Sigmund
  2189 | D:2      | Killed Sigmund
  2190 | D:2      | Reached XP level 5. HP: 9/33 MP: 7/7
  2190 | D:2      | Reached XP level 6. HP: 11/38 MP: 8/8
  2893 | D:3      | Noticed a necrophage
  2894 | D:3      | Found Ehiduareo's Magic Scroll Boutique.
  2923 | D:3      | Killed a necrophage
  3024 | D:3      | Bought a scroll of teleportation for 33 gold pieces
  3024 | D:3      | Bought a scroll of teleportation for 33 gold pieces
  4081 | D:4      | Noticed an ice beast
  4099 | D:4      | Killed an ice beast
  4100 | D:4      | Reached XP level 7. HP: 22/44 MP: 9/9
  4324 | D:4      | Found a shadowy altar of Dithmenos.
  4358 | D:4      | Noticed Grinder
  4368 | D:4      | Killed Grinder
  4369 | D:4      | Reached skill level 5 in Axes
  4949 | D:4      | Found a white marble altar of Elyvilon.
  4962 | D:4      | Reached skill level 5 in Fighting
  4962 | D:4      | Reached skill level 1 in Maces & Flails
  4962 | D:4      | Reached XP level 8. HP: 48/49 MP: 11/11
  5135 | D:5      | Entered Level 5 of the Dungeon
  5441 | D:4      | Reached skill level 5 in Armour
  5661 | D:5      | Reached ** piety under Lugonu
  5884 | D:5      | Got Hialaar's Papyrus of Distant Worlds
  6176 | D:6      | Reached skill level 5 in Invocations
  6348 | D:6      | Found an iron altar of Okawaru.
  6386 | D:6      | Found the +3 pair of seven-league boots {Rampage+∞}
  6590 | D:6      | Found a broken altar of Ashenzari.
  6699 | D:6      | Reached XP level 9. HP: 43/54 MP: 13/13
  6759 | D:6      | Found a sacrificial altar of Ru.
  6802 | D:6      | Found a stormy altar of Qazlal.
  6816 | D:6      | Found a basalt altar of Yredelemnul.
  7277 | D:6      | Reached skill level 5 in Maces & Flails
  7622 | D:7      | Found a flagged portal.
  8040 | D:7      | Noticed a deep elf pyromancer
  8069 | D:7      | Killed a deep elf pyromancer
  8070 | D:7      | Reached XP level 10. HP: 51/60 MP: 13/15
  8083 | Bailey   | Entered a bailey
  8654 | D:7      | Found a staircase to the Ecumenical Temple.
  8920 | D:7      | Reached *** piety under Lugonu
  9366 | D:8      | Got Marr's Grimoire of Shifting Dark Rituals
  9639 | D:8      | Found a staircase to the Lair.
  9729 | D:8      | Found a shimmering altar of Xom.
  9977 | D:8      | Found an ancient bone altar of Kikubaaqudgha.
 10374 | D:8      | Reached skill level 1 in Shields
 10629 | D:9      | Found a sparkling altar of Nemelex Xobeh.
 10944 | D:9      | Found a hide-covered altar of Uskayaw.
 11004 | D:10     | Entered Level 10 of the Dungeon
 11292 | D:9      | Noticed Joseph
 11365 | D:9      | Killed Joseph
 11783 | D:9      | Reached XP level 11. HP: 35/67 MP: 17/17
 12246 | D:9      | Found a bloodstained altar of Trog.
 12268 | D:9      | Noticed Psyche
 12284 | D:9      | Killed Psyche
 13202 | D:10     | Reached **** piety under Lugonu
 13548 | D:10     | Found a hazy altar of Hepliaklqana.
 13722 | Lair:1   | Entered Level 1 of the Lair of Beasts
 13857 | Lair:1   | Noticed a five-headed hydra
 13871 | Lair:1   | Killed a five-headed hydra
 14345 | Lair:1   | Got the Guide on the Burning Oath
 14467 | Lair:1   | Identified the +0 cloak "Mishel" {rC+ Int-5 Dex+2}
 15301 | Lair:2   | HP: 1/68 [blink frog (12)]
 15707 | Lair:2   | Found a staircase to the Shoals.
 15720 | Lair:2   | Noticed a four-headed hydra
 15734 | Lair:2   | Slain by a four-headed hydra

Illustrated notes

Levels and vault maps discovered:
D:1:      dpeg_arrival_solitude, layout_basic, serial_bayou,
          serial_bayou_pond_d, serial_bayou_lake_a, serial_bayou_ford_a,
          serial_bayou_pond_b
D:2:      layout_loops_corners, shapermc_ecumenical_altar_venn, minivault_11,
          uniq_sigmund, uniq_terence, uniq_jessica
D:3:      layout_loops_ring, serial_shops, shop_fountains
D:4:      layout_loops_corners, elyvilon_altar_5,
          nicolae_dithmenos_the_darkroom, uniq_grinder
D:5:      layout_cave_pools
D:6:      minmay_clustersquares, layout_cave_pods,
          mainiacjoe_overflow_concentric_impassable, grunt_qazlal_clouds,
          amcnicky_altar_gilded, okawaru_metal_pillars_1_2,
          cheibrodos_ashenzari_chains
D:7:      layout_basic, minmay_temple_entry_junction, enter_bailey_6,
          chequers_decorated_corner
D:8:      kennysheep_six_static_rooms, layout_cave_pools,
          mainiacjoe_overflow_24_doors, lemuel_crystal_altar, lair_entry_dummy
D:9:      layout_long_grid, old_standard_altar,
          mainiacjoe_overflow_tiny_flanked, trog_book, uniq_psyche, uniq_joseph
D:10:     layout_roguey, worldfamousw_hep_ancestral_shrine,
          kennysheep_generic_room_12
D:11:     hellmonk_destroyed_diamonds, layout_loops_corners, orc_0_dummy
Lair:1:   layout_cave_pods
Lair:2:   layout_layer_cave, elwin_shoals_entry_rocks,
          minmay_snake_entry_guardpost_small, infiniplex_staircase_pool

Skill      XL: |  1  2  3  4  5  6  7  8  9 10 11 |
---------------+----------------------------------+-----
Axes           | 2 3 4 5 |  5.4
Dodging        | 1 2 |  2.6
Fighting       | 4 5 6 7 |  7.9
Armour         | 3 4 6 7 8 9 |  9.4
Invocations    | 3 4 5 6 8 9 |  9.2
Maces & Flails | 1 4 7 8 9 |  9.5
Shields        | 2 4 |  4.3
Throwing       | |  0.2
Stealth        | |  0.2
Evocations     | |  0.4

Action                   |  1- 3 |  4- 6 |  7- 9 | 10-12 || total
-------------------------+-------+-------+-------+-------++-------
Melee: Hand axe          |    75 |   159 |    15 |    39 ||   288
       Punch             |       |     2 |     3 |       ||     5
       Flail             |       |       |   256 |   511 ||   767
Throw: Dart              |       |     2 |       |     6 ||     8
Invok: Depart the Abyss  |     1 |       |       |       ||     1
       Bend Space        |       |       |       |     2 ||     2
       Banish            |       |       |       |     1 ||     1
Evoke: Wand              |       |       |     3 |     5 ||     8
  Use: Potion            |       |     3 |       |     3 ||     6
       Scroll            |       |     7 |     6 |    10 ||    23
Armor: Ring mail         |    42 |       |       |       ||    42
       Chain mail        |    10 |   101 |   246 |   505 ||   862
Dodge: Dodged            |    49 |    63 |   138 |   295 ||   545
Block: Kite shield       |       |       |       |   241 ||   241

Table legend: (Time is in decaauts)
 A = Elapsed time spent in this place.
 B = Non-inter-level travel time spent in this place.
 C = Inter-level travel time spent in this place.
 D = Time resting spent in this place.
 E = Time spent auto-exploring this place.
 F = Levels seen in this place.
 G = Mean time per level.
                   A        B        C        D        E       F      G
               +--------+--------+--------+--------+--------+-----+--------+
         Total |  15945 |  15557 |    388 |   2748 |  10030 |  15 | 1063.0 |
       Dungeon |  13852 |  13515 |    337 |   2380 |   8663 |  11 | 1259.3 |
          Lair |   2020 |   1969 |     51 |    340 |   1364 |   2 | 1010.0 |
         Abyss |      0 |      0 |      0 |      0 |      0 |   1 |    0.0 |
        Bailey |     72 |     72 |      0 |     28 |      2 |   1 |   72.0 |
               +--------+--------+--------+--------+--------+-----+--------+

Top non-repeatable levels by time:
     D:2: 1626 daAuts
     D:9: 1624 daAuts
     D:4: 1541 daAuts
    D:10: 1508 daAuts
     D:8: 1501 daAuts
     D:7: 1496 daAuts
     D:6: 1446 daAuts
  Lair:1: 1246 daAuts
     D:1: 1229 daAuts
     D:3: 1177 daAuts
  Lair:2: 774 daAuts
     D:5: 698 daAuts
  Bailey: 72 daAuts
    D:11: 2 daAuts
